 Dungeon Crawl Stone Soup version 0.18.1-48-g4cf74bf (console) character file.

338 Kloppie the Skirmisher (level 6, -4/56 HPs)
             Began as a Hill Orc Abyssal Knight on July 13, 2016.
             Was a Believer of Lugonu.
             Slain by Pikel
             ... wielding a +1 whip of electrocution
              (14 damage)
             ... on level 4 of the Dungeon.
             The game lasted 00:04:04 (3511 turns).

Kloppie the Skirmisher (Hill Orc Abyssal Knight)    Turns: 3511, Time: 00:04:05

Health: -4/56      AC:  9    Str: 16    XL:     6   Next: 55%
Magic:  7/7        EV:  7    Int: 12    God:    Lugonu [**....]
Gold:   166        SH:  0    Dex: 11    Spells: 0 memorised, 5 levels left

rFire  . . .     SeeInvis .     a - +0 flail
rCold  . . .     Gourm    .     s - +0 chain mail
rNeg   . . .     Faith    .     (no shield)
rPois  .         Spirit   .     (no helmet)
rElec  .         Dismiss  .     (no cloak)
rCorr  .         Reflect  .     (no gloves)
SustAt .         Harm     .     (no boots)
MR     .....                    (no amulet)
Stlth  ..........               (no ring)
                                (no ring)

@: not resistant to hostile enchantments, extremely unstealthy
A: no striking features
a: Depart the Abyss, Bend Space, Renounce Religion


You were on level 4 of the Dungeon.
You worshipped Lugonu.
Lugonu was pleased with you.
You were not hungry.

You visited 1 branch of the dungeon, and saw 4 of its levels.
You visited the Abyss 1 time.

You collected 166 gold pieces.

Inventory:

Hand Weapons
 a - a +0 flail (weapon)
 t - a +1 mace
Armour
 b - a +0 leather armour
 s - a +0 chain mail (worn)
Jewellery
 p - an uncursed amulet of faith {unknown}
Scrolls
 d - 2 scrolls of remove curse {unknown}
 j - 5 scrolls of identify {unknown}
 m - a scroll of teleportation {unknown}
 r - a scroll of enchant armour {unknown}
 u - a scroll of random uselessness {unknown}
Potions
 e - 3 potions of curing {unknown}
 f - a potion of brilliance {unknown}
 g - 2 potions of agility {unknown}
 h - a potion of mutation {unknown}
 k - a potion of haste {unknown}
 l - 2 potions of degeneration {unknown}
 o - a potion of flight {unknown}
Comestibles
 c - 3 bread rations
 i - 2 slices of pizza
 n - 4 meat rations
 q - 2 chunks of flesh


   Skills:
 + Level 5.6 Fighting
 + Level 4.6 Maces & Flails
 + Level 4.6 Armour
 - Level 0.7 Dodging
 - Level 2.4 Invocations


You had 5 spell levels left.
You didn't know any spells.

Dungeon Overview and Level Annotations

Branches:
Dungeon (4/15)
 Temple: D:4-7

Altars:
Dithmenos
Elyvilon
Makhleb
Ru
Sif Muna
The Shining One

Annotations:
D:4 Pikel


Message History

Pikel hits you but does no damage.
You hit Pikel.
Pikel is severely wounded.
Pikel hits you but does no damage. x2
You closely miss Pikel.
Pikel is severely wounded.
Pikel hits you with a whip of electrocution.
* * * LOW HITPOINT WARNING * * *
You hit Pikel but do no damage.
Pikel is severely wounded.
Pikel hits you but does no damage.
You are electrocuted!
* * * LOW HITPOINT WARNING * * *
A slave comes into view.
The slave shouts!
You hit Pikel but do no damage.
Pikel is severely wounded.
Pikel hits you with a whip of electrocution.
* * * LOW HITPOINT WARNING * * *
You are electrocuted!
You die...

....# ........#
....# #.!....#
...)# #?.....#
##### #......#
########......##
####
.......'..p....#
#..
#.######.......#
#.# ..#
...######.###.#
#.# ## #.K@..#
#.# #####.#.# #.#
#####.#.# #..
##...).#.# ###
#....#.#.# #.#
#..#.#.#.## ..#
#######..#.#.(..#
#.# #.....#.
#.#....# #.#
#.###.## #.#....#


You could see Pikel and a slave.

Vanquished Creatures
  A slave (D:4)
  3 hounds (D:4)
  An orc priest (D:4)
  A worker ant (D:4)
  3 orc wizards (D:4)
  3 adders
  An ooze (D:1)
  2 adder skeletons (D:4)
  2 worms (D:2)
  2 dart slugs (D:2)
  A giant gecko (D:2)
  2 orcs
  6 bats
  3 giant cockroaches
  8 goblins
  10 hobgoblins
  4 jackals (D:2)
  6 kobolds
  2 quokkas
  5 giant newts
  7 rats
73 creatures vanquished.

Notes
Turn   | Place    | Note
--------------------------------------------------------------
     0 | Abyss:1  | Kloppie the Hill Orc Abyssal Knight began the quest for the Orb.
     0 | Abyss:1  | Reached XP level 1. HP: 19/19 MP: 2/2
     0 | Abyss:1  | Found a corrupted altar of Lugonu.
     3 | D:1      | Escaped the Abyss
    10 | D:1      | Reached * piety under Lugonu
    42 | D:1      | Reached XP level 2. HP: 20/27 MP: 3/3
   472 | D:1      | Reached skill level 4 in Fighting
   477 | D:1      | Reached XP level 3. HP: 31/33 MP: 4/4
  1363 | D:2      | Reached ** piety under Lugonu
  1363 | D:2      | Reached XP level 4. HP: 35/40 MP: 5/5
  1911 | D:3      | Found a sacrificial altar of Ru.
  1913 | D:3      | Found a deep blue altar of Sif Muna.
  1914 | D:3      | Found a glowing golden altar of the Shining One.
  1914 | D:3      | Found a burning altar of Makhleb.
  2078 | D:3      | Found a shadowy altar of Dithmenos.
  2477 | D:4      | Reached XP level 5. HP: 31/47 MP: 6/6
  2714 | D:4      | Reached skill level 5 in Fighting
  2965 | D:4      | Found a white marble altar of Elyvilon.
  3115 | D:4      | Reached XP level 6. HP: 49/56 MP: 7/7
  3290 | D:4      | Noticed a slave
  3324 | D:4      | Killed a slave
  3493 | D:4      | Noticed Pikel
  3511 | D:4      | Noticed a slave
  3511 | D:4      | Slain by Pikel

Skill      XL: |  1  2  3  4  5 |
---------------+----------------+-----
Maces & Flails | 3 4 |  4.6
Fighting       | 4 5 |  5.6
Armour         | 3 4 |  4.6
Dodging        | |  0.7
Invocations    | |  2.4

Action                   |  1- 3 |  4- 6 || total
-------------------------+-------+-------++-------
Melee: Mace              |   128 |    47 ||   175
       Flail             |       |   158 ||   158
Invok: Depart the Abyss  |     1 |       ||     1
  Eat: Chunk             |     2 |     7 ||     9
Armor: Leather armour    |    36 |     9 ||    45
       Chain mail        |       |   110 ||   110
Dodge: Dodged            |    76 |    74 ||   150
